 Dungeon Crawl Stone Soup version 0.30-a0-1160-g6e42c06551 (webtiles) character file.

Game seed: 5698076195506866797

319 lorenzova the Conjurer (level 6, -13/32 HPs)
             Began as a Deep Elf Conjurer on Apr 25, 2023.
             Mangled by a komodo dragon (33 damage)
             ... on level 6 of the Dungeon.
             The game lasted 00:06:29 (2802 turns).

lorenzova the Conjurer (Deep Elf Conjurer)          Turns: 2802, Time: 00:06:30

Health: -13/32     AC:  3    Str:  4    XL:     6   Next: 21%
Magic:  11/17      EV: 12    Int: 25    God:
Gold:   246        SH:  0    Dex: 15    Spells: 15/18 levels left

rFire   + . .        l - +1 dagger (speed)
rCold   . . .        (no shield)
rNeg    . . .        i - +0 robe of the Seven Coins {rPois Will- Dex+2}
rPois   +            w - +0 helmet
rElec   .            (no cloak)
rCorr   +            (no gloves)
SInv    .            (no boots)
Will    .....        h - amulet of magic regeneration
Stlth   ++           n - ring of protection from fire
HPRegen 0.25/turn    p - ring of resist corrosion
MPRegen 0.55/turn

%: no passive effects
@: no status effects
A: no striking features
a: no special abilities


You were on level 6 of the Dungeon.
You visited 1 branch of the dungeon, and saw 5 of its levels.

You collected 246 gold pieces.

Inventory:

Hand Weapons
 l - a +1 dagger of speed (weapon)
Armour
 a - a +0 robe
 i - the +0 robe of the Seven Coins (worn) {rPois Will- Dex+2}
   (You found it on level 2 of the Dungeon)

   Dex:       It affects your dexterity (+2).
   rPois:     It protects you from poison.
   Will:      It decreases your willpower.
 w - a +0 helmet (worn)
 A - a +2 robe of cold resistance
Magical Staves
 f - a staff of air
 m - a staff of earth
Jewellery
 h - an amulet of magic regeneration (around neck)
 n - a ring of protection from fire (left hand)
 p - a ring of resist corrosion (right hand)
Wands
 j - a wand of polymorph (8)
Scrolls
 c - a scroll of fog {unknown}
 e - a scroll of immolation {unknown}
 o - a scroll of fear {unknown}
 q - a scroll of teleportation {unknown}
 s - a scroll of vulnerability {unknown}
 t - 2 scrolls of summoning {unknown}
 x - 2 scrolls of identify {unknown}
 y - a scroll of amnesia {unknown}
 z - a scroll of poison {unknown}
Potions
 b - 2 potions of magic
 d - 2 potions of curing {unknown}
 g - a potion of experience {unknown}
 k - a potion of brilliance {unknown}
 r - a potion of heal wounds {unknown}
 u - a potion of might {unknown}
 v - 2 potions of flight {unknown}


   Skills:
 - Level 2.4 Dodging
 - Level 2.4 Stealth
 + Level 6.5 Spellcasting
 + Level 6.6 Conjurations


You had 15 spell levels left.
You knew the following spells:

 Your Spells              Type           Power      Damage    Failure   Level
a - Magic Dart            Conj           100%       1d8       1%          1
b - Searing Ray           Conj           82%        2d7       1%          2

Your spell library contained the following spells:

 Spells                   Type           Power      Damage    Failure   Level
 Dazzling Flash           Conj/Hex       48%        N/A       5%          3
 Fulminant Prism          Conj/Hex       12%        3d9       19%         4
 Iskenderun's Mystic Bla  Conj/Tloc      24%        2d7       19%         4


Dungeon Overview and Level Annotations

Branches:
Dungeon (6/15)
 Temple: D:4-7

Altars:
Trog

Shops:
D:6 *


Message History

Aim: a komodo dragon (asleep, 100% to hit)
The magic dart hits the komodo dragon but does no damage.
The komodo dragon hisses angrily.
Casting: Magic Dart (safe; 1% risk of failure)
Confirm with . or Enter, or press ? or * to list all spells.
You can't see any susceptible monsters within range! (Use Z to cast anyway.)
A komodo dragon is nearby!
Unknown command.
Casting: Magic Dart (safe; 1% risk of failure)
Confirm with . or Enter, or press ? or * to list all spells.
Aiming: Magic Dart (safe; 1% risk of failure)
Press: ? - help, Shift-Dir - straight line, f/p - komodo dragon
Aim: a komodo dragon (100% to hit)
The magic dart hits the komodo dragon but does no damage.
Casting: Magic Dart (safe; 1% risk of failure)
Confirm with . or Enter, or press ? or * to list all spells.
Aiming: Searing Ray (safe; 1% risk of failure)
Press: ? - help, Shift-Dir - straight line, f/p - komodo dragon
Aim: a komodo dragon (87% to hit)
The searing ray hits the komodo dragon.
The komodo dragon is lightly wounded. (Press . to maintain the ray.) Unknown command.
The searing ray misses the komodo dragon.
The searing ray hits the komodo dragon!
The komodo dragon is moderately wounded.
The searing ray hits the komodo dragon.
The komodo dragon is moderately wounded.
You finish channelling your searing ray.
The komodo dragon bites you!
Casting: Searing Ray (safe; 1% risk of failure)
Confirm with . or Enter, or press ? or * to list all spells.
Aiming: Searing Ray (safe; 1% risk of failure)
Press: ? - help, Shift-Dir - straight line, p - komodo dragon The searing ray hits the komodo dragon.
The komodo dragon is heavily wounded. (Press . to maintain the ray.)
The komodo dragon bites you!!
Ouch! That really hurt!
You die...

.........# .........#
.........# ......
.........# ##.......
.........###.........
#.......[.##...........
#.......>.##............
#......l@#.............
##..#....#.............
####.#................#
#..#.................#
#..##.................
#..##.................
##..###............##..
#####....##...#......
##.
#..<......##...#..... ##


You could see a komodo dragon.

Vanquished Creatures
  A scorpion (D:6)
  2 hounds (D:6)
  Jessica (D:2)
  An iguana (D:6)
  Terence (D:2)
  4 gnolls (D:6)
  An adder (D:2)
  A white imp (D:6)
  A worm (D:2)
  5 dart slugs
  5 bats
  7 endoplasms
  2 giant cockroaches
  3 goblins
  5 hobgoblins (D:1)
  4 kobolds
  3 quokkas
  4 ball pythons (D:1)
  2 frilled lizards
  8 rats
61 creatures vanquished.

Notes
Turn   | Place    | Note
-------+----------+-------------------------------------------
     0 | D:1      | lorenzova the Deep Elf Conjurer began the quest for the
                  | Orb.
     0 | D:1      | Reached XP level 1. HP: 10/10 MP: 6/6
   288 | D:1      | Reached XP level 2. HP: 15/15 MP: 4/8
   335 | D:1      | Learned a level 2 spell: Searing Ray
   793 | D:1      | Reached XP level 3. HP: 19/19 MP: 7/10
   825 | D:1      | Reached skill level 5 in Conjurations
  1060 | D:2      | Noticed Terence
  1236 | D:2      | Identified the +0 robe of the Seven Coins {rPois Will-
                  | Dex+2}
  1283 | D:2      | Noticed Jessica
  1287 | D:2      | Killed Jessica
  1288 | D:2      | Reached XP level 4. HP: 24/24 MP: 8/12
  1810 | D:2      | Killed Terence
  1811 | D:2      | Reached skill level 5 in Spellcasting
  2421 | D:3      | Found a bloodstained altar of Trog.
  2539 | D:3      | You fall into a shaft and drop 3 floors!
  2558 | D:5      | Entered Level 5 of the Dungeon
  2558 | D:5      | Noticed a scorpion
  2569 | D:6      | Noticed a komodo dragon
  2602 | D:6      | Noticed a centaur
  2624 | D:6      | Noticed a scorpion
  2634 | D:6      | Found Gypecup's Assorted Antiques.
  2636 | D:6      | Noticed a scorpion
  2645 | D:6      | Killed a scorpion
  2646 | D:6      | Reached XP level 5. HP: 28/28 MP: 9/15
  2715 | D:6      | Reached XP level 6. HP: 32/32 MP: 11/17
  2750 | D:6      | Noticed a steam dragon
  2802 | D:6      | Mangled by a komodo dragon

Illustrated notes

Levels and vault maps discovered:
D:1:      dpeg_arrival_tiny_f, layout_basic
D:2:      layout_loops_corners, uniq_jessica, uniq_terence
D:3:      layout_loops_ring, mainiacjoe_overflow_paths, dreamdust_wishing_well,
          hangedman_decor_points
D:5:      layout_layer_cave, nicolae_ru_great_annihilating_truth, temple_hall
D:6:      layout_cave_pods, serial_shops, shop

Skill      XL: |  1  2  3  4  5 |
---------------+----------------+-----
Spellcasting   | 4 5 6 |  6.5
Conjurations   | 5 6 |  6.6
Dodging        | |  2.4
Stealth        | |  2.4

Action                     |  1- 3 |  4- 6 || total
---------------------------+-------+-------++-------
   Cast: Magic Dart        |    55 |    63 ||   118
         Searing Ray       |     2 |     9 ||    11
 Armour: Robe              |     2 |     5 ||     7
  Dodge: Dodged            |       |     9 ||     9

Table legend: (Time is in decaauts)
 A = Elapsed time spent in this place.
 B = Non-inter-level travel time spent in this place.
 C = Inter-level travel time spent in this place.
 D = Time resting spent in this place.
 E = Time spent auto-exploring this place.
 F = Levels seen in this place.
 G = Mean time per level.
                   A        B        C        D        E       F      G
               +--------+--------+--------+--------+--------+-----+--------+
         Total |   2800 |   2706 |     94 |    785 |   1396 |   5 |  560.0 |
       Dungeon |   2800 |   2706 |     94 |    785 |   1396 |   5 |  560.0 |
               +--------+--------+--------+--------+--------+-----+--------+

Top non-repeatable levels by time:
     D:1: 1189 daAuts
     D:2: 928 daAuts
     D:3: 419 daAuts
     D:6: 261 daAuts
     D:5: 1 daAuts
